 Dungeon Crawl Stone Soup version 0.29.0-11-gd7f09526c8 (webtiles) character file.

Game seed: 16776912196540342305

147 sentinel the Stinger (level 5, -3/38 HPs)
             Began as a Meteoran Venom Mage on Sept 4, 2022.
             Slain by a black bear (5 damage)
             ... on level 4 of the Dungeon.
             The game lasted 00:02:09 (164 turns).

sentinel the Stinger (Meteoran Venom Mage)           Turns: 164, Time: 00:02:09

Health: -3/38      AC:  2    Str:  9    XL:     5   Next: 85%
Magic:  1/10       EV: 12    Int: 18    God:
Gold:   0          SH:  0    Dex: 15    Spells: 5/10 levels left

rFire   . . .      SeeInvis .   c - +6 arbalest "Ehoxikue" {penet, rElec rN+}
rCold   . . .      Faith    .   (shield currently unavailable)
rNeg    + . .      Spirit   .   a - +0 robe
rPois   .          Reflect  .   (no helmet)
rElec   +          Harm     .   (no cloak)
rCorr   .          Rampage  .   (no gloves)
Will    .....                   (no boots)
Stlth   +.........              (no amulet)
HPRegen 0.12/turn               (no ring)
MPRegen 0.12/turn               (no ring)

@: glowing
A: sense surroundings 1, otherworldly, glowing, explore regen
a: no special abilities


You were on level 4 of the Dungeon.
You visited 1 branch of the dungeon, and saw 4 of its levels.

Inventory:

Hand Weapons
 c - the +6 arbalest "Ehoxikue" (weapon) {penet, rElec rN+}
   (You found it on level 3 of the Dungeon)

   Any ammunition fired by it passes through the targets it hits, potentially
   hitting all targets in its path until it reaches maximum range.
   rElec:     It insulates you from electricity.
   rN:        It protects you from negative energy.
Missiles
 e - 2 silver boomerangs
Armour
 a - a +0 robe (worn)
Scrolls
 d - a scroll of fear
 r - a scroll of identify
Potions
 b - a potion of magic
 f - a potion of degeneration {unknown}


   Skills:
 - Level 2.4 Dodging
 - Level 1.4 Stealth
 + Level 3.1 Spellcasting
 - Level 1.2 Transmutations
 + Level 6.8 Poison Magic


You had 5 spell levels left.
You knew the following spells:

 Your Spells              Type           Power      Damage    Failure   Level
a - Sting                 Tmut/Pois      68%        1d6       3%          1
t - Olgreb's Toxic Radia  Pois           27%        N/A       10%         4

Your spell library contained the following spells:

 Spells                   Type           Power      Damage    Failure   Level
 Poisonous Vapours        Pois/Air       30%        N/A       6%          2
 Mephitic Cloud           Conj/Pois/Air  11%        N/A       19%         3


Dungeon Overview and Level Annotations

Branches:
Dungeon (4/15) Zot: 2227
 Temple: D:4-7

Altars:


Innate Abilities, Weirdness & Mutations

You passively map a small area around you.
You are easily found by Zot.
You glow in the dark.
You regain HP and MP as you explore.


Message History

You shoot a bolt.
The bolt pierces through the water moccasin.
You kill the water moccasin!
Your Poison Magic skill gained 2 levels and is now at level 6!
You have reached level 3!
Your experience leads to an increase in your attributes!
Increase (s)trength, (i)ntelligence, or (d)exterity?
You feel clever. x2; You feel agile.
You have reached level 4!
You have reached level 5!
This spell is quite dangerous to cast!
Memorise Olgreb's Toxic Radiance, consuming 4 spell levels and leaving 4?
You start memorising the spell.
You continue memorising. x4
You finish memorising.
Spell assigned to 't'.
An orc comes into view. It is wielding a +0 whip.
Found a scroll of identify.
The orc shouts!
An adder comes into view.
Casting: Sting (safe; 3% risk of failure)
Confirm with . or Enter, or press ? or * to list all spells.
You miscast Olgreb's Toxic Radiance.
You are very lightly contaminated with residual magic.
Nothing appears to happen.
Fire: c) +6 arbalest "Ehoxikue" {penet, rElec rN+}
Press: ? - help, Q - select action, (/) - cycle Shift-Dir - straight line, f - orc
Aim: an orc, wielding a +0 whip (60% to hit)
You shoot a bolt. The bolt pierces through the orc!
You kill the orc!
The adder hisses angrily.
Fire: c) +6 arbalest "Ehoxikue" {penet, rElec rN+}
Press: ? - help, Q - select action, (/) - cycle Shift-Dir - straight line, f - adder
Aim: an adder (42% to hit)
You shoot a bolt. The bolt pierces through the adder!!
You kill the adder!
An orc comes into view. It is wielding a +0 flail.
The orc moves out of view.
An orc comes into view. It is wielding a +0 flail.
The orc shouts!
You hear an angry hiss.
Found a scroll labelled ZASUISCHUAR.
The orc shouts!
Casting: Olgreb's Toxic Radiance (quite dangerous; 11% risk of failure)
Confirm with . or Enter, or press ? or * to list all spells.
You begin to radiate toxic energy.
The orc is poisoned. x2
The orc looks even sicker. x2
Your toxic aura wanes.
Your magical contamination has completely faded away.
Found a scroll of identify.
A ball python comes into view.
The orc closely misses you.
Found an escape hatch in the ceiling.
You kill the orc!
The orc hits you but does no damage.
You see here a +0 whip.
Fire: c) +6 arbalest "Ehoxikue" {penet, rElec rN+}
Press: ? - help, Q - select action, (/) - cycle Shift-Dir - straight line, f - ball python
Aim: a ball python (57% to hit)
You shoot a bolt.
The bolt pierces through the ball python!!
You kill the ball python!
You kill the orc!
r - a scroll of identify You see here a ball python corpse.
r - 2 scrolls of identify (gained 1)
You don't have any unidentified items.
d - a scroll labelled ZASUISCHUAR
As you read the scroll of identify, it crumbles to dust.
d - a scroll of fear An adder comes into view.
Found a sedimented emerald potion and 18 gold pieces.
The adder hisses angrily.
You hear an angry hiss.
An adder comes into view.
The adder bites you.
Casting: Olgreb's Toxic Radiance (quite dangerous; 11% risk of failure)
Confirm with . or Enter, or press ? or * to list all spells.
You begin to radiate toxic energy.
The adder is poisoned. x2
The adder bites you. The adder attacks as you move away!
The adder bites you but does no damage.
The adder looks even sicker.
Your toxic aura wanes.
The adder bites you. The adder attacks as you move away! The adder bites you.
You are poisoned.
The adder poisons you!
You feel sick. The adder barely misses you. x2
You feel sick. The adder misses you.
A black bear comes into view.
You feel sick.
The black bear growls angrily.
You kill the adder!
Your Spellcasting skill increases to level 3!
You see here a sedimented emerald potion.
f - a sedimented emerald potion You feel sick.
The adder bites you.
Casting: Olgreb's Toxic Radiance (quite dangerous; 10% risk of failure)
Confirm with . or Enter, or press ? or * to list all spells.
You begin to radiate toxic energy.
The black bear is poisoned.
The adder looks even sicker.
You feel sick.
You are no longer poisoned.
The adder closely misses you. The adder barely misses you.
Fire: c) +6 arbalest "Ehoxikue" {penet, rElec rN+}
Press: ? - help, Q - select action, (/) - cycle Shift-Dir - straight line, f - black bear
Aim: a black bear (lightly wounded, poisoned, 68% to hit)
You shoot a bolt. The bolt closely misses the black bear.
You kill the adder!
Your toxic aura wanes.
The black bear bites you.
The black bear claws you but does no damage.
The black bear closely misses you.
Fire: c) +6 arbalest "Ehoxikue" {penet, rElec rN+}
Press: ? - help, Q - select action, (/) - cycle Shift-Dir - straight line, f/p - black bear
Aim: a black bear (lightly wounded, poisoned, 68% to hit)
Okay, then.
Fire: c) +6 arbalest "Ehoxikue" {penet, rElec rN+}
Press: ? - help, Q - select action, (/) - cycle Shift-Dir - straight line, f/p - black bear
Aim: a black bear (lightly wounded, poisoned, 68% to hit)
Okay, then.
Casting: Olgreb's Toxic Radiance (quite dangerous; 10% risk of failure)
Confirm with . or Enter, or press ? or * to list all spells.
Okay, then.
Casting: Olgreb's Toxic Radiance (quite dangerous; 10% risk of failure)
Confirm with . or Enter, or press ? or * to list all spells.
You don't have enough magic to cast this spell.
Unknown command.
The black bear attacks as you move away!
The black bear barely misses you. The black bear claws you. x2
Found 13 gold pieces.
Casting: Olgreb's Toxic Radiance (quite dangerous; 10% risk of failure)
Confirm with . or Enter, or press ? or * to list all spells.
You begin to radiate toxic energy.
The black bear looks even sicker. x2
The black bear closely misses you. The black bear claws you. x2
Fire: c) +6 arbalest "Ehoxikue" {penet, rElec rN+}
Press: ? - help, Q - select action, (/) - cycle Shift-Dir - straight line, f/p - black bear
Aim: a black bear (moderately wounded, very poisoned, 68% to hit)
You shoot a bolt.
The bolt pierces through the black bear.
The black bear is heavily wounded.
Your toxic aura wanes.
The black bear goes berserk!
The black bear bites you!
* * * LOW HITPOINT WARNING * * *
The black bear barely misses you. The black bear claws you.
* * * LOW HITPOINT WARNING * * *
HP warning!
Okay, then.
Fire: c) +6 arbalest "Ehoxikue" {penet, rElec rN+}
Press: ? - help, Q - select action, (/) - cycle Shift-Dir - straight line, f/p - black bear
Aim: a black bear (severely wounded, berserk, very poisoned, 68% to hit)
You shoot a bolt.
The bolt pierces through the black bear!
The black bear is almost dead.
The black bear closely misses you. x2; The black bear claws you.
You die...

...#*......................
*
#...##.........###.......†.
.........#.....# ##........
*.....######...## ##.......
* #....#......#.#......##
###...††.................
......##.............####..
.........h......#....# **..
....#.....@.......... ..
... #................ , ..
* #.......$........... , ..
* . .................. ,
,.. ...................
...............##. , ,
..#..........$.# ,
##...###.....# , , ,,


You could see a black bear (berserk, very poisoned).

Vanquished Creatures
  A water moccasin (D:4)
  3 adders (D:4)
  3 orcs (D:4)
  2 endoplasms (D:3)
  A hobgoblin (D:3)
  3 ball pythons
  A rat (D:3)
14 creatures vanquished.

Notes
Turn   | Place    | Note
-------+----------+-------------------------------------------
     0 | D:1      | sentinel the Meteoran Venom Mage began the quest for the
                  | Orb.
     0 | D:1      | Reached XP level 1. HP: 14/14 MP: 5/5
    54 | D:3      | Identified the +6 arbalest "Ehoxikue" {penet, rElec rN+}
    60 | D:3      | Reached skill level 4 in Poison Magic
    60 | D:3      | Reached XP level 2. HP: 13/20 MP: 0/6
    98 | D:4      | Noticed a water moccasin
   102 | D:4      | Killed a water moccasin
   103 | D:4      | Reached skill level 6 in Poison Magic
   103 | D:4      | Reached XP level 3. HP: 26/26 MP: 8/8
   103 | D:4      | Reached XP level 4. HP: 33/33 MP: 9/9
   103 | D:4      | Reached XP level 5. HP: 38/38 MP: 10/10
   108 | D:4      | Learned a level 4 spell: Olgreb's Toxic Radiance
   155 | D:4      | Noticed a black bear
   164 | D:4      | Slain by a black bear

Illustrated notes

Levels and vault maps discovered:
D:1:      saegor_arrival_simple_c, layout_rooms,
          shapermc_ecumenical_altar_starsandcircs
D:2:      layout_basic, uniq_terence
D:3:      layout_rooms, chequers_temple_overflow_statue_of_worship,
          amethyst_killhole, minmay_divided_ellipse
D:4:      layout_cave_pools

Skill      XL: |  1  2  3  4  5 |
---------------+----------------+-----
Poison Magic   | 4 6 |  6.8
Spellcasting   | 3 |  3.1
Dodging        | |  2.4
Stealth        | |  1.4
Transmutations | |  1.2

Action                   |  1- 3 |  4- 6 || total
-------------------------+-------+-------++-------
 Fire: Arbalest          |     4 |     6 ||    10
 Cast: Sting             |    10 |       ||    10
       Olgreb's Toxic Ra |       |     4 ||     4
  Use: Scroll            |     1 |     1 ||     2
Armor: Robe              |     3 |     3 ||     6
Dodge: Dodged            |    10 |    12 ||    22
